 Dungeon Crawl Stone Soup version 0.30.1-11-g7821555f0a (webtiles) character file.

Game seed: 13982540729104987658

74 boopmooplesden the Twirler (level 4, -1/37 HPs)
             Began as a Minotaur Gladiator on Oct 28, 2023.
             Slain by Pikel
             ... wielding a +0 whip of flaming
              (4 damage)
             ... on level 4 of the Dungeon.
             The game lasted 00:07:45 (1635 turns).

boopmooplesden the Twirler (Minotaur Gladiator)     Turns: 1635, Time: 00:07:46

Health: -1/37      AC:  6    Str: 20    XL:     4   Next: 10%
Magic:  3/3        EV: 12    Int:  5    God:
Gold:   133        SH:  0    Dex: 12    Spells: 3/3 levels left

rFire   . . .        a - +0 quarterstaff
rCold   . . .        (shield currently unavailable)
rNeg    . . .        f - +0 ring mail
rPois   .            c - +0 hat
rElec   .            (no cloak)
rCorr   .            (no gloves)
SInv    .            h - +0 pair of boots
Will    .....        (no amulet)
Stlth   +            (no ring)
HPRegen 0.26/turn    (no ring)
MPRegen 0.08/turn

%: no passive effects
@: no status effects
A: horns 2, retaliatory headbutt
a: no special abilities


You were on level 4 of the Dungeon.
You visited 1 branch of the dungeon, and saw 3 of its levels.

You collected 133 gold pieces.

Inventory:

Hand Weapons
 a - a +0 quarterstaff (weapon)
 b - a +4 sling
Missiles
 e - a javelin (quivered)
Armour
 c - a +0 hat (worn)
 f - a +0 ring mail (worn)
 h - a +0 pair of boots (worn)
 o - a +0 leather armour
Jewellery
 r - an amulet of regeneration
Scrolls
 k - a scroll of enchant weapon {unknown}
 n - a scroll of noise {unknown}
 p - a scroll of enchant armour {unknown}
Potions
 l - a potion of curing
 m - a potion of haste {unknown}


   Skills:
 + Level 2.6 Fighting
 + Level 4.7 Staves
 + Level 2.0 Throwing
 + Level 2.0 Armour
 + Level 4.0 Dodging
 + Level 0.1 Stealth


You had 3 spell levels left.
You didn't know any spells.
Your spell library contained the following spells:

 Spells                   Type           Power      Damage    Failure   Level
 Ignite Poison            Fire/Tmut/Pois 0%         N/A       95%         3
 Sticky Flame             Conj/Fire      0%         2d3       100%        4
 Ignition                 Fire           0%         3d3       100%        8


Dungeon Overview and Level Annotations

Branches:
Dungeon (2/15)

Altars:

Annotations:
D:4 Pikel


Innate Abilities, Weirdness & Mutations

You have a pair of horns on your head.
You reflexively headbutt those who attack you in melee.


Message History

Pikel burns you.
Okay, then.
As you read the scroll labelled JYMIHYOSAGON, it crumbles to dust.
It is a scroll of amnesia.
You feel forgetful for a moment.
Pikel hits you with a +0 whip of flaming!
* * * LOW HITPOINT WARNING * * *
Pikel burns you.
* * * LOW HITPOINT WARNING * * *
Okay, then.
Unknown command.
It was a potion of heal wounds.
You feel much better.
Pikel hits you with a +0 whip of flaming.
Pikel burns you.
As you read the scroll labelled BEUNTER JOS, it crumbles to dust.
It is a scroll of identify.
l - a potion of curing Pikel barely misses you.
Pikel attacks as you move away! Pikel misses you.
You open the door. Pikel closely misses you.
Found a stone staircase leading down.
There is an open door here.
As you read the scroll of identify, it crumbles to dust.
i - a scroll of fog Pikel hits you with a +0 whip of flaming.
Pikel burns you.
As you read the scroll of fog, it crumbles to dust.
The scroll dissolves into smoke.
Pikel hits you with a +0 whip of flaming!
* * * LOW HITPOINT WARNING * * *
Pikel burns you.
* * * LOW HITPOINT WARNING * * *
Pikel attacks as you move away!
Pikel hits you with a +0 whip of flaming.
* * * LOW HITPOINT WARNING * * *
Pikel burns you.
* * * LOW HITPOINT WARNING * * *
Pikel attacks as you move away!
Pikel hits you with a +0 whip of flaming.
You die...

..........P .P.P P..♣
♣...♣ ...♣ ..# ...♣
♣..P♣ ..P♣ ..#
P.P♣♣♣..P♣♣♣..P♣♣♣..'##
P.P.P.......P.P..P....##
.....[.................#
...#.#####.######§§.....
...#.## ##..####§§..>...
......# #(...5§K@§......
######......####§§§.....
# ##.##.## ##§...... #
#...### #.....# # #. ..
#...# # # #+## # # #


You could see Pikel.

Vanquished Creatures
  3 lemures (D:4)
  2 adders (D:2)
  2 dart slugs
  7 bats
  5 endoplasms
  2 giant cockroaches
  6 goblins
  4 hobgoblins
  5 kobolds
  4 quokkas
  5 ball pythons
  3 frilled lizards
  2 rats
50 creatures vanquished.

Notes
Turn   | Place    | Note
-------+----------+-------------------------------------------
     0 | D:1      | boopmooplesden the Minotaur Gladiator began the quest for
                  | the Orb.
     0 | D:1      | Reached XP level 1. HP: 18/18 MP: 0/0
   130 | D:1      | Reached XP level 2. HP: 23/25 MP: 1/1
   227 | D:1      | Found a faded altar of an unknown god.
   832 | D:2      | Reached XP level 3. HP: 28/30 MP: 2/2
   931 | D:2      | Reached skill level 1 in Armour
  1227 | D:2      | Reached XP level 4. HP: 23/37 MP: 3/3
  1353 | D:2      | You fall into a shaft and drop 2 floors!
  1416 | D:4      | Noticed a lemure
  1416 | D:4      | Noticed a lemure
  1419 | D:4      | Noticed a lemure
  1440 | D:4      | Killed a lemure
  1452 | D:4      | Killed a lemure
  1458 | D:4      | Killed a lemure
  1615 | D:4      | Noticed Pikel
  1619 | D:4      | Noticed a lemure
  1635 | D:4      | Slain by Pikel

Illustrated notes

Levels and vault maps discovered:
D:1:      dpeg_arrival_tiny_a, layout_loops_cross,
          shapermc_ecumenical_altar_mp_urbaneastern
D:2:      layout_basic
D:4:      layout_loops_corners, lightli_temple_of_fire,
          chequers_serial_rivers_room_b, kennysheep_boxes, uniq_duvessa,
          uniq_ijyb, uniq_pikel, uniq_eustachio

Skill      XL: |  1  2  3 |
---------------+----------+-----
Staves         | 4 |  4.7
Armour         | 2 |  2.0
Dodging        | 4 |  4.0
Fighting       | |  2.6
Throwing       | |  2.0
Stealth        | |  0.1

Action                     |  1- 3 |  4- 6 || total
---------------------------+-------+-------++-------
  Melee: Quarterstaff      |    87 |    22 ||   109
         Headbutt          |     9 |     3 ||    12
   Fire: Sling             |     8 |     2 ||    10
  Throw: Throwing net      |       |     4 ||     4
         Javelin           |       |     1 ||     1
    Use: Scroll            |       |     4 ||     4
         Potion            |       |     2 ||     2
 Armour: Leather armour    |     4 |       ||     4
         Ring mail         |    45 |     6 ||    51
  Dodge: Dodged            |    96 |     9 ||   105
